Map: Blackpink LE

Players

souL

  • Race: Terran Terran
  • Spawn Location: 1:00

Ryung - Winner!

  • Race: Terran Terran
  • Spawn Location: 7:00

Event: IEM Season 12 - Katowice

VOD

Have the link to the VOD?

Description

Time

  • Played on: Feb. 26, 2018, 10 a.m.
  • Length: 11:10

All games in this series

Show
View Real Time Build Order
Export as new Build Order

souL Terran 

Build Orders: Gas First Reaper Expand, Reaper Expand, MMM Bio, Banshee Rush 

Get SALT Encoding   

  12  0:00  SCV  
  13  0:12  SCV  
  14  0:17  Supply Depot  
  14  0:24  SCV  
  15  0:28  Refinery  
  15  0:39  SCV  
  16  0:45  Barracks  
  16  0:51  SCV  
  17  1:03  SCV  
  18  1:16  SCV  
  19  1:32  Reaper, Orbital Command  
  20  1:43  Command Center  
  20  1:54  Factory  
  20  1:59  SCV  
  21  2:03  Refinery  
  21  2:07  Barracks Reactor  
  21  2:11  SCV  
  22  2:16  Supply Depot  
  22  2:23  SCV  
  23  2:38  Hellion  
  23  2:39  Starport  
  23  2:44  Marine x2  
  25  2:45  SCV  
  28  2:54  Orbital Command  
  28  3:00  Bunker  
  28  3:02  SCV  
  29  3:06  Factory Tech Lab  
  29  3:10  Marine  
  29  3:12  Marine  
  32  3:20  SCV  
  33  3:27  Marine  
  33  3:29  Cloaking Field  
  33  3:32  SCV, Banshee  
  37  3:36  SCV  
  37  3:39  Marine  
  39  3:41  Factory Tech Lab  
  39  3:44  SCV  
  39  3:48  Supply Depot, SCV  
  40  3:55  Barracks  
  40  3:56  SCV  
  40  3:59  Marine  
  40  4:00  SCV  
  40  4:02  Marine  
  44  4:08  SCV  
  45  4:11  Siege Tank  
  45  4:12  SCV  
  45  4:15  Supply Depot  
  49  4:19  Marine  
  49  4:20  SCV  
  49  4:23  Banshee  
  54  4:29  Supply Depot  
  54  4:34  Barracks  
  54  4:37  SCV x2  
  56  4:42  Engineering Bay  
  56  4:44  Barracks Tech Lab  
  56  4:45  Marine  
  56  4:49  SCV x2  
  56  4:50  Siege Tank  
  61  4:59  Marine  
  58  5:01  SCV x2  
  58  5:06  Marine  
  59  5:11  Missile Turret  
  59  5:12  Missile Turret  
  56  5:15  SCV  
  56  5:16  Marine  
  56  5:21  SCV, Stimpack  
  58  5:25  Viking  
  58  5:26  Marine x2  
  58  5:28  SCV  
  62  5:33  SCV  
  62  5:34  Marine  
  64  5:40  SCV  
  65  5:44  Marine x2  
  65  5:45  SCV  
  67  5:56  Supply Depot x2  
  65  6:00  Supply Depot  
  65  6:14  Starport Reactor  
  65  6:15  Combat Shields  
  65  6:16  Supply Depot  
  65  6:17  Marine x2  
  65  6:18  SCV x2  
  69  6:20  Marine  
  69  6:22  Marine  
  71  6:30  SCV x2  
  73  6:33  Terran Infantry Weapons Level 1  
  73  6:34  Refinery  
  73  6:35  Marine x2  
  75  6:42  SCV x2  
  75  6:45  Supply Depot  
  75  6:46  Supply Depot x2, Refinery  
  77  6:48  Marine  
  77  6:50  Marine  
  77  6:54  SCV x2, Marine  
  79  6:58  Marine  
  83  7:01  Medivac  
  83  7:06  Supply Depot, SCV x2  
  87  7:10  Supply Depot  
  87  7:15  Marine  
  87  7:16  Marine, Medivac  
  87  7:18  SCV x2  
  87  7:20  Marine  
  87  7:21  Marine  
  94  7:30  SCV x2, Command Center  
  94  7:31  Siege Tank  
  94  7:32  Marine  
  94  7:34  Marine  
  101  7:41  Marine  
  101  7:42  SCV x2  
  104  7:50  Marine, Barracks  
  104  7:51  Barracks  
  105  7:54  SCV x2, Marine, Medivac  
  105  7:57  Marine  
  111  8:03  Siege Tank  
  114  8:11  SCV  
  114  8:12  Marine x2  
  114  8:15  Marine  
  114  8:16  Medivac  
  114  8:17  Barracks Reactor  
  118  8:24  SCV, Medivac  
  118  8:27  Terran Infantry Armor Level 1  
  118  8:30  Marine x2  
  118  8:33  Marine  
  121  8:39  Barracks Reactor x2  
  121  8:44  Orbital Command  
  121  8:46  Medivac  
  121  8:48  Marine x2  
  121  8:50  Marine  
  121  8:54  Marine  
  122  8:55  SCV  
  122  8:56  Marine  
  122  9:00  Siege Tank  
  120  9:06  Marine x2  
  120  9:08  Marine  
  119  9:12  SCV, Marine  
  119  9:14  Marine  
  119  9:15  SCV x2  
  119  9:16  Marine x2  
  125  9:21  Marine  
  125  9:23  Marine x2  
  125  9:24  Marine  
  128  9:26  Marine  
  128  9:28  Sensor Tower  
  128  9:30  SCV, Marine  
  132  9:31  Marine  
  132  9:34  Marine  
  134  9:40  Armory  
  134  9:41  Marine x2  
  134  9:42  SCV, Marine  
  134  9:44  Marine, Engineering Bay  
  138  9:45  Marine  
  138  9:48  Marine  
  138  9:49  Marine  
  138  9:50  Marine  
  138  9:51  Marine  
  124  9:59  Marine x2  
  107  10:00  Siege Tank, Marine  
  107  10:03  Marine x2  
  107  10:06  Marine  
  114  10:07  Marine  
  114  10:10  Marine  
  114  10:13  Medivac  
  119  10:16  Medivac  
  119  10:17  Marine  
  119  10:18  Marine  
  119  10:20  Factory, Marine  
  123  10:22  Marine  
  123  10:23  Marine  
  123  10:25  Marine  
  126  10:33  Siege Tank  
  129  10:41  Marine  
  130  10:42  Marine  
  130  10:44  Marine  
  130  10:49  Marine  
  132  10:50  Marine  
Show
View Real Time Build Order
Export as new Build Order

Ryung Terran - Winner!

Build Orders: Cyclone Opening, MMM Bio 

Get SALT Encoding   

  12  0:01  SCV  
  13  0:13  SCV  
  14  0:17  Supply Depot  
  14  0:25  SCV  
  14  0:28  Refinery  
  15  0:39  SCV  
  16  0:44  Barracks  
  16  0:51  SCV  
  16  0:54  Refinery  
  17  1:03  SCV  
  18  1:15  SCV  
  19  1:31  Reaper, Orbital Command  
  20  1:34  Factory  
  20  1:41  Supply Depot  
  20  1:56  SCV  
  22  2:08  SCV  
  22  2:12  Barracks Tech Lab  
  22  2:18  Hellion  
  22  2:21  SCV  
  25  2:29  Command Center  
  25  2:33  SCV  
  26  2:39  Cyclone  
  29  2:46  Starport  
  29  2:52  Supply Depot  
  29  2:54  SCV  
  29  2:57  Barracks Reactor  
  30  3:06  SCV  
  31  3:18  SCV  
  32  3:23  Cloaking Field, Banshee  
  35  3:30  SCV  
  36  3:35  Factory Tech Lab  
  36  3:36  Marine x2  
  38  3:41  Orbital Command  
  38  3:44  SCV  
  38  3:54  Marine x2  
  40  3:56  SCV  
  40  3:57  Siege Tank  
  44  4:06  Banshee  
  44  4:07  SCV  
  44  4:09  SCV  
  49  4:13  Marine  
  49  4:14  Supply Depot  
  49  4:15  Marine  
  51  4:21  SCV x2  
  53  4:32  Command Center  
  53  4:36  SCV x2  
  55  4:43  Supply Depot  
  55  4:48  SCV x2, Raven  
  59  4:53  Refinery  
  59  4:54  Refinery  
  57  5:00  SCV x2  
  55  5:08  Engineering Bay  
  55  5:12  SCV x2  
  57  5:24  SCV x2  
  57  5:25  Engineering Bay  
  59  5:34  Missile Turret, Terran Infantry Weapons Level 1  
  59  5:36  SCV x2  
  61  5:47  Orbital Command  
  61  5:48  Starport Reactor, SCV x2  
  61  5:50  Barracks  
  61  5:51  Barracks  
  57  5:59  Marine  
  57  6:00  SCV x2, Stimpack  
  57  6:01  Missile Turret  
  60  6:07  Terran Infantry Armor Level 1  
  58  6:12  SCV  
  58  6:13  SCV  
  58  6:18  Marine  
  60  6:21  SCV  
  60  6:25  SCV x2  
  61  6:33  SCV  
  61  6:34  Siege Tank  
  61  6:36  Marine  
  61  6:37  Viking  
  68  6:40  Viking  
  68  6:41  Barracks  
  68  6:42  Barracks  
  68  6:43  Barracks Tech Lab  
  68  6:45  SCV  
  71  6:49  Marine x2  
  71  6:54  Marine  
  71  7:03  Marine, Combat Shields  
  71  7:07  Siege Tank, Marine x2  
  77  7:11  Marine  
  77  7:12  Medivac  
  80  7:16  SCV x3  
  80  7:21  Supply Depot, Medivac  
  85  7:25  Supply Depot  
  85  7:26  Supply Depot  
  85  7:32  Barracks Reactor  
  85  7:33  Barracks Reactor  
  85  7:40  Marine  
  85  7:41  Missile Turret  
  85  7:42  Marine x3, Armory  
  88  7:51  Medivac  
  88  7:52  SCV x3  
  93  7:58  Marine  
  93  8:00  Marine x3  
  93  8:02  Medivac  
  99  8:09  Supply Depot  
  99  8:12  Supply Depot  
  99  8:16  Siege Tank, Marine  
  99  8:18  Marine x3  
  106  8:22  Marine  
  106  8:23  Marine x2  
  109  8:29  Terran Infantry Weapons Level 2  
  109  8:31  Marine  
  110  8:34  SCV x2, Marine  
  110  8:36  Marine x3  
  110  8:38  Supply Depot  
  110  8:40  Marine x2  
  110  8:41  Supply Depot, Marine  
  119  8:49  Marine  
  119  8:52  Marine  
  119  8:53  Marine x3  
  119  8:54  Orbital Command  
  121  8:58  Marine x3  
  121  9:06  Marine  
  122  9:10  Terran Vehicle Weapons Level 1, Marine  
  122  9:11  Siege Tank, Marine x3  
  122  9:16  Marine x3  
  132  9:24  Marine  
  132  9:27  Marine  
  132  9:28  Supply Depot  
  132  9:29  SCV, Marine x3  
  138  9:37  SCV x2, Refinery  
  138  9:38  Refinery  
  139  9:40  Marine x2  
  141  9:49  SCV, Marine  
  141  9:51  Marine x4  
  137  9:52  Marine  
  137  9:55  Siege Tank  
  137  9:57  Marine  
  137  9:58  Marine  
  143  10:01  SCV x3  
  143  10:02  Factory  
  143  10:05  Medivac  
  148  10:07  Marine  
  148  10:12  Supply Depot  
  148  10:13  Supply Depot  
  149  10:25  Command Center  
  149  10:34  Marine x6, Medivac  
  157  10:36  Supply Depot  
  157  10:37  Supply Depot  
  157  10:40  Supply Depot x2  
  157  10:52  Marine x4  

Tags
 
Add a new tag
Caveats
  • Supply blocks, unpowered buildings, or Contaminate may cause inaccurate times.
  • Supply counts are checked every 10 seconds.